 Dungeon Crawl Stone Soup version 0.31-a0-219-g8d62b2e7bb (webtiles) character file.

Game seed: 5254460461043251963

43 olmar the Digger (level 3, -2/26 HPs)
             Began as a Demigod Earth Elementalist on July 4, 2023.
             Slain by a river rat (7 damage)
             ... summoned by Eustachio
             ... on level 4 of the Dungeon.
             The game lasted 00:02:19 (1382 turns).

olmar the Digger (Demigod Earth Elementalist)       Turns: 1382, Time: 00:02:20

Health: -2/26      AC:  2    Str:  9    XL:     3   Next: 20%
Magic:  6/9        EV: 12    Int: 21    God:
Gold:   63         SH:  0    Dex: 14    Spells: 3/6 levels left

rFire   . . .        (no weapon)
rCold   . . .        (no shield)
rNeg    . . .        a - +0 robe
rPois   .            (no helmet)
rElec   .            (no cloak)
rCorr   .            (no gloves)
SInv    .            (no boots)
Will    +....        (no amulet)
Stlth   ++           (no ring)
HPRegen 0.24/turn    (no ring)
MPRegen 0.11/turn

%: no passive effects
@: attractive, enlightened, flying
A: high MP 1, forlorn, divine attributes
a: no special abilities


You were on level 4 of the Dungeon.
You visited 1 branch of the dungeon, and saw 4 of its levels.

You collected 63 gold pieces.

Inventory:

Armour
 a - a +0 robe (worn)
Potions
 b - 2 potions of magic
 h - a potion of attraction
 i - a potion of enlightenment


   Skills:
 + Level 0.1 Fighting
 + Level 2.1 Dodging
 + Level 1.7 Stealth
 + Level 2.4 Spellcasting
 + Level 0.8 Transmutations
 + Level 3.3 Earth Magic


You had 3 spell levels left.
You knew the following spells:

 Your Spells              Type           Power      Damage    Failure   Level
a - Sandblast             Erth           32%        2d9       3%          1
b - Passwall              Tmut/Erth      9%         N/A       9%          2

Your spell library contained the following spells:

 Spells                   Type           Power      Damage    Failure   Level
 Stone Arrow              Conj/Erth      18%        3d8       22%         3
 Petrify                  Tmut/Erth      11%        N/A       52%         4


Dungeon Overview and Level Annotations

Branches:
Dungeon (4/15)
 Temple: D:4-7

Annotations:
D:2 Terence
D:4 Eustachio


Innate Abilities, Weirdness & Mutations

You have an increased reservoir of magic. (+10% MP)
You shall have no god before yourself.
Your divine heritage dramatically boosts your attributes as you level up.


Message History

Unknown command.
Aiming: Sandblast (safe; 3% risk of failure)
Press: ? - help, Q - select action, (/) - cycle Shift-Dir - straight line, f - Eustachio
Aim: Eustachio, wielding a +0 rapier and wearing a +0 leather armour (75% to hit)
The blast of sand hits the river rat but does no damage.
You feel sick.
You are no longer poisoned.
Eustachio casts a spell.
Eustachio blinks!
The river rat closely misses you. Eustachio is attracted toward you.
Aiming: Sandblast (safe; 3% risk of failure)
Press: ? - help, Q - select action, (/) - cycle Shift-Dir - straight line, f/p - Eustachio
Aim: Eustachio, wielding a +0 rapier and wearing a +0 leather armour (75% to hit)
The blast of sand hits Eustachio.
Eustachio is lightly wounded.
Eustachio hits you with a +0 rapier!
* * * LOW HITPOINT WARNING * * *
The river rat barely misses you. Eustachio barely misses you.
Okay, then.
You aren't carrying any scrolls.
The river rat attacks as you move away!
The river rat bites you but does no damage.
Eustachio completely misses you. Eustachio attacks as you move away!
Eustachio closely misses you.
Found 17 gold pieces.
Eustachio attacks as you move away! Eustachio hits you with a +0 rapier.
* * * LOW HITPOINT WARNING * * *
The river rat attacks as you move away! The river rat completely misses you.
Found a metallic sapphire potion.
Eustachio mumbles some strange words.
The bat is attracted toward you. The white imp is attracted toward you.
The river rat attacks as you move away! The river rat bites you.
* * * LOW HITPOINT WARNING * * *
Found 7 stones.
Found a stone staircase leading down.
The bat misses you.
Eustachio gestures wildly while chanting.
Eustachio blinks!
The river rat is attracted toward you. The white imp is attracted toward you.
The white imp is attracted toward you. The river rat attacks as you move away!
The river rat bites you!
You die...

#..# ..#
#..##..#
#......#
#+####.§....#
##...†.......#
#....##§§##..#
#..<.##.b##..#
#.#####.§....#
#...@r5......#
##!....$.....#
#....##..##+##
#....##..#
#..........
##$..#....(.
#####...##..
..# >.


You could see a river rat (summoned) and a white imp (summoned).

Vanquished Creatures
  An adder (D:4)
  2 dart slugs (D:1)
  3 ball pythons (D:1)
  4 endoplasms (D:1)
  A giant cockroach (D:1)
  A goblin (D:1)
  3 hobgoblins (D:1)
  2 quokkas
  4 bats
  3 frilled lizards
  3 kobolds
  3 rats
30 creatures vanquished.

Notes
Turn   | Place    | Note
-------+----------+-------------------------------------------
     0 | D:1      | olmar the Demigod Earth Elementalist began the quest for
                  | the Orb.
     0 | D:1      | Reached XP level 1. HP: 14/14 MP: 5/5
     2 | D:1      | You fall into a shaft and drop 1 floor!
   300 | D:1      | Reached XP level 2. HP: 20/20 MP: 4/7
   429 | D:1      | Reached skill level 3 in Earth Magic
  1112 | D:2      | Learned a level 2 spell: Passwall
  1188 | D:2      | Noticed Terence
  1329 | D:3      | Reached XP level 3. HP: 26/26 MP: 7/9
  1362 | D:4      | Noticed Eustachio
  1382 | D:4      | Slain by a river rat

Illustrated notes

Levels and vault maps discovered:
D:1:      dpeg_arrival_tiny_i, layout_basic, minivault_19
D:2:      layout_basic, basic_altar, minmay_misc_feat_encased, uniq_terence
D:3:      layout_basic, kennysheep_generic_room_14
D:4:      layout_gridville, uniq_natasha, uniq_edmund, uniq_eustachio

Skill      XL: |  1  2 |
---------------+-------+-----
Spellcasting   | 2 |  2.4
Dodging        | 2 |  2.1
Earth Magic    | 3 |  3.3
Fighting       | |  0.1
Stealth        | |  1.7
Transmutations | |  0.8

Action                     || total
---------------------------++-------
  Melee: Unarmed           ||    20
   Cast: Sandblast         ||    45
    Use: Potion            ||     5
         Scroll            ||     3
 Armour: Robe              ||    14
  Dodge: Dodged            ||    41

Table legend: (Time is in decaauts)
 A = Elapsed time spent in this place.
 B = Non-inter-level travel time spent in this place.
 C = Inter-level travel time spent in this place.
 D = Time resting spent in this place.
 E = Time spent auto-exploring this place.
 F = Levels seen in this place.
 G = Mean time per level.
                   A        B        C        D        E       F      G
               +--------+--------+--------+--------+--------+-----+--------+
         Total |   1403 |   1373 |     30 |     46 |   1078 |   4 |  350.8 |
       Dungeon |   1403 |   1373 |     30 |     46 |   1078 |   4 |  350.8 |
               +--------+--------+--------+--------+--------+-----+--------+

Top non-repeatable levels by time:
     D:1: 1067 daAuts
     D:2: 187 daAuts
     D:3: 103 daAuts
     D:4: 44 daAuts
